 Dungeon Crawl Stone Soup version 0.30-a0-451-ge042605de7 (webtiles) character file.

Game seed: 11202004874144377835

18996 billz999 the Skirmisher (level 12, -10/94 HPs)
             Began as a Gnoll Hunter on Dec 9, 2022.
             Was a Believer of Ru.
             Killed from afar by an oklob plant (46 damage)
             ... with a splash of acid
             ... on level 4 of the Lair of Beasts on Dec 11, 2022.
             The game lasted 00:38:06 (15444 turns).

billz999 the Skirmisher (Gnoll Hunter)             Turns: 15444, Time: 00:38:06

Health: -10/94     AC:  1    Str: 11    XL:     12   Next: 64%
Magic:  22/22      EV: 20    Int: 19    God:    Ru [**....]
Gold:   922        SH:  0    Dex: 31    Spells: 15/25 levels left

rFire   + . .      SeeInvis +    a - +5 arbalest
rCold   + . .      Faith    .    (shield currently unavailable)
rNeg    . . .      Spirit   .    c - +0 leather armour
rPois   .          Reflect  .    e - +0 hat "Heolin" {rC+ Int-3 Dex+7}
rElec   .          Harm     +    R - scarf {harm}
rCorr   .          Rampage  .    (no gloves)
Will    .....                    t - +0 pair of boots
Stlth   ..........               y - amulet of magic regeneration
HPRegen 0.35/turn                B - ring "Otidyo" {rF+ Int+4 Dex+7 SInv}
MPRegen 0.58/turn                r - +6 ring of intelligence

@: corroded
A: fangs 1, screaming 1, no stealth, unskilled 1, strong nose, distributed
training
a: Renounce Religion, Sacrifice Drink, Sacrifice a Hand, Sacrifice Arcana,
Reject Sacrifices


You were on level 4 of the Lair of Beasts.
You worshipped Ru.
Ru was pleased with you.
You visited 2 branches of the dungeon, and saw 14 of its levels.

You collected 922 gold pieces.

Inventory:

Hand Weapons
 a - a +5 arbalest (weapon)
 m - a +0 dagger
 n - a +0 vampiric dagger
 s - a +0 short sword of venom
 I - a +0 shortbow
Missiles
 l - a throwing net
Armour
 c - a +0 leather armour (worn)
 e - the +0 hat "Heolin" (worn) {rC+ Int-3 Dex+7}
   (You acquired it on level 3 of the Dungeon)

   Int:       It affects your intelligence (-3).
   Dex:       It affects your dexterity (+7).
   rC:        It protects you from cold.
 f - a +0 cloak
 t - a +0 pair of boots (worn)
 E - +0 ice dragon scales
 R - a scarf of harm (worn)
Jewellery
 g - a ring of protection from cold
 r - a +6 ring of intelligence (right hand)
 y - an amulet of magic regeneration (around neck)
 A - the ring "Myosuiho" {Fly rElec Will- Dex+3}
   (You acquired it on level 3 of the Dungeon)

   [ring of flight]

   Dex:       It affects your dexterity (+3).
   rElec:     It insulates you from electricity.
   Fly:       It grants you flight.
   Will:      It decreases your willpower.
 B - the ring "Otidyo" (left hand) {rF+ Int+4 Dex+7 SInv}
   (You acquired it on level 3 of the Dungeon)

   [ring of protection from fire]

   Int:       It affects your intelligence (+4).
   Dex:       It affects your dexterity (+7).
   rF:        It protects you from fire.
   SInv:      It lets you see invisible.
 K - a ring of protection from cold
 Q - the ring of Oruqo {Fly Int+6 Dex-2}
   (You acquired it on level 1 of the Lair of Beasts)

   [ring of flight]

   Int:       It affects your intelligence (+6).
   Dex:       It affects your dexterity (-2).
   Fly:       It grants you flight.
Wands
 D - a wand of charming (9)
 J - a wand of flame (28)
 M - a wand of quicksilver (13)
 O - a wand of mindburst (8)
 T - a wand of roots (5)
Scrolls
 b - a scroll of immolation
 j - 8 scrolls of teleportation
 p - 2 scrolls of noise
 q - 3 scrolls of poison
 u - 6 scrolls of fear
 v - a scroll of torment
 w - a scroll of magic mapping
 x - 2 scrolls of blinking
 C - 5 scrolls of vulnerability
 S - a scroll of fog {unknown}
 U - a scroll of amnesia {unknown}
 V - a scroll of enchant armour {unknown}
 W - a scroll of brand weapon {unknown}
 Y - a scroll of silence {unknown}
Potions
 d - 8 potions of curing
 h - 4 potions of flight
 i - a potion of might {unknown}
 k - a potion of haste
 o - a potion of magic {unknown}
 z - 3 potions of lignification {unknown}
 F - 4 potions of degeneration {unknown}
 G - 2 potions of mutation {unknown}
 H - 3 potions of heal wounds {unknown}
 N - a potion of ambrosia {unknown}
 X - a potion of resistance {unknown}


   Skills:
 + Level 8.3 Fighting
 + Level 7.1 Short Blades
 + Level 7.1 Long Blades
 + Level 7.1 Axes
 + Level 7.1 Maces & Flails
 + Level 7.1 Polearms
 + Level 7.1 Staves
 + Level 10.5 Ranged Weapons
 + Level 7.1 Throwing
 + Level 7.1 Armour
 + Level 8.3 Dodging
   Level 0.0 Stealth
 + Level 7.1 Shields
 + Level 7.1 Unarmed Combat
 + Level 7.1 Spellcasting
 + Level 5.9 Conjurations
 + Level 5.9 Hexes
 + Level 5.9 Summonings
 + Level 5.9 Necromancy
 + Level 5.9 Translocations
 + Level 5.9 Transmutations
 + Level 5.9 Fire Magic
 + Level 5.9 Ice Magic
 + Level 5.9 Air Magic
 + Level 5.9 Earth Magic
 + Level 5.9 Poison Magic
 + Level 7.7 Invocations
 + Level 7.1 Evocations


You had 15 spell levels left.
You knew the following spells:

 Your Spells              Type           Power      Damage    Failure   Level
a - Apportation           Tloc           58%        N/A       1%          1
b - Alistair's Intoxicat  Tmut/Pois      19%        N/A       30%         5
c - Summon Lightning Spi  Summ/Air       29%        N/A       11%         4

Your spell library contained the following spells:

 Spells                   Type           Power      Damage    Failure   Level
 Slow                     Hex            100%       N/A       1%          1
 Summon Small Mammal      Summ           100%       N/A       1%          1
 Call Canine Familiar     Summ           29%        N/A       3%          3
 Confusing Touch          Hex            29%        N/A       3%          3
 Ignite Poison            Fire/Tmut/Pois 29%        N/A       3%          3
 Summon Guardian Golem    Hex/Summ       29%        N/A       3%          3
 Vampiric Draining        Necr           29%        2d8       3%          3
 Flame Wave               Conj/Fire      29%        2d9       11%         4
 Fulminant Prism          Conj/Hex       14%        3d8       11%         4
 Sticky Flame             Conj/Fire      29%        2d5       11%         4
 Arcjolt                  Conj/Air       14%        1d24      30%         5
 Starburst                Conj/Fire      14%        6d6       86%         6
 Ignition                 Fire           14%        3d6       100%        8
 Fire Storm               Conj/Fire      14%        8d4       100%        9


Dungeon Overview and Level Annotations

Branches:
Dungeon (9/15)             Temple (0/1) D:7            Lair (5/5) D:9
  Swamp (0/4) Lair:3        Snake (0/4) Lair:2        Slime (0/5) Lair:4
    Orc: D:9-12

Altars:
Dithmenos
Elyvilon
Fedhas
Qazlal
Ru
Yredelemnul
Zin
The Shining One

Shops:
D:4 (

Annotations:
D:6 2 transporters, blackman's ghost, weakling HuDe
Lair:4 exclusion: 3 oklob plants


Innate Abilities, Weirdness & Mutations

You have very sharp teeth.
You occasionally shout uncontrollably at your foes.
You cannot be stealthy.
You are somewhat unskilled. (-1 Apt)
Your uncanny sense of smell can sniff out nearby items.
Your experience applies equally to all skills.


Message History

Unknown command.
You shoot a bolt. The bolt hits the oklob plant!!
The oklob plant is almost destroyed.
The oklob plant spits acid at you. The splash of acid hits you!!
The acid corrodes you!
Unknown command.
You shoot a bolt. The bolt hits the oklob plant!!
You destroy the oklob plant!
Unknown command.
You start resting.
You are no longer corroded.
You start resting.
HP restored.
An oklob plant comes into view.
Found a staircase to the Slime Pits.
Marking area around an oklob plant as unsafe for travelling.
You shoot a bolt. The bolt hits the oklob plant.
The oklob plant is lightly damaged.
The oklob plant spits acid at you. The splash of acid hits you!
The acid corrodes you! The oklob plant spits acid at you.
The splash of acid hits you!! The acid corrodes you!
Unknown command.
You start resting.
You are no longer corroded.
You start resting.
HP restored.
Okay, then.
Okay, then.
Really walk into a travel-excluded area?
The oklob plant spits acid at you. The splash of acid hits you!!
The acid corrodes you!
Unknown command.
There are monsters nearby!
There are monsters nearby!
The oklob plant spits acid at you. The splash of acid hits you!!
The oklob plant spits acid at you. The splash of acid hits you!!!
You die...

##..>......### #.#...
##..........# #P#.....
##....÷....## #.......
#..........## ##......
###.........### ###........
#...........# ............
##..........##...........#.
###.............PP....####
##.....@......>.....
##............P....
##................
♣♣♣#~#~~..........P#.##
♣♣♣~~~~~~~~.........###.###
♣♣♣P~PPP~P~~.................
♣♣~P≈≈≈≈~P~~~P................
♣P~≈≈≈≈~~~P~PP................
♣P≈≈≈≈≈~≈~P~P.................


You could see an oklob plant.

Vanquished Creatures
  Gastronok (Lair:3)
  2 catoblepae
  A hydra (Lair:4)
  A two-headed ogre (D:8)
  Pikel (D:8)
  An oklob plant (Lair:4)
  2 black mambas
  2 cane toads
  2 rime drakes
  2 komodo dragons
  A troll (D:8)
  A polar bear (Lair:2)
  Grinder (D:3)
  A wyvern (Lair:5)
  14 yaks
  Eustachio (D:4)
  A basilisk (Lair:2)
  4 nagas (Lair:2)
  10 water moccasins
  2 ice beasts
  A black bear (D:5)
  An orc warrior (D:7)
  3 sky beasts (D:7)
  2 ogres
  4 wolves (Lair:4)
  2 centaurs
  2 phantoms
  3 kobold brigands
  6 bullfrogs
  A gnoll sergeant (D:5)
  3 scorpions
  A necrophage (D:4)
  4 wights (D:7)
  15 killer bees (D:8)
  A gnoll bouda (D:8)
  2 orc priests
  3 hounds
  2 jellies
  4 iguanas
  5 orc wizards
  8 hell rats
  Robin (D:3)
  19 gnolls
  6 river rats (D:6)
  5 adders
  A shadow imp (D:7)
  A white imp (D:5)
  3 ufetubi
  2 worms
  2 dart slugs (D:4)
  16 orcs
  6 ball pythons
  3 endoplasms
  3 giant cockroaches
  16 goblins
  8 hobgoblins
  11 kobolds
  7 quokkas
  7 bats
  2 frilled lizards
  16 rats
259 creatures vanquished.

Vanquished Creatures (collateral kills)
  Rupert (Lair:4)
  An oklob plant (Lair:4)
  A black mamba (Lair:2)
  A komodo dragon (Lair:5)
  A torpor snail (Lair:3)
  A rime drake (Lair:1)
  3 yaks
  A basilisk (Lair:4)
  A wolf (Lair:4)
  A wight (D:7)
  An electric eel (Lair:4)
  4 hell rats
  An ufetubus (D:7)
18 creatures vanquished.

Vanquished Creatures (others)
  9 fungi
  16 plants
25 creatures vanquished.

Grand Total: 302 creatures vanquished

Notes
Turn   | Place    | Note
-------+----------+-------------------------------------------
     0 | D:1      | billz999 the Gnoll Hunter began the quest for the Orb.
     0 | D:1      | Reached XP level 1. HP: 20/20 MP: 1/1
   355 | D:1      | Reached XP level 2. HP: 26/26 MP: 2/2
  1188 | D:2      | Reached XP level 3. HP: 31/31 MP: 3/3
  1192 | D:2      | Reached skill level 1 in Invocations
  1197 | D:2      | Reached skill level 1 in Short Blades
  1197 | D:2      | Reached skill level 1 in Long Blades
  1197 | D:2      | Reached skill level 1 in Axes
  1197 | D:2      | Reached skill level 1 in Maces & Flails
  1197 | D:2      | Reached skill level 1 in Polearms
  1197 | D:2      | Reached skill level 1 in Staves
  1197 | D:2      | Reached skill level 1 in Throwing
  1197 | D:2      | Reached skill level 1 in Armour
  1197 | D:2      | Reached skill level 1 in Shields
  1197 | D:2      | Reached skill level 1 in Unarmed Combat
  1197 | D:2      | Reached skill level 1 in Spellcasting
  1197 | D:2      | Reached skill level 1 in Evocations
  1305 | D:2      | Found a glowing golden altar of the Shining One.
  1394 | D:2      | Reached XP level 4. HP: 32/38 MP: 5/5
  1830 | D:2      | Reached skill level 1 in Conjurations
  1830 | D:2      | Reached skill level 1 in Hexes
  1830 | D:2      | Reached skill level 1 in Summonings
  1830 | D:2      | Reached skill level 1 in Necromancy
  1830 | D:2      | Reached skill level 1 in Translocations
  1830 | D:2      | Reached skill level 1 in Transmutations
  1830 | D:2      | Reached skill level 1 in Fire Magic
  1830 | D:2      | Reached skill level 1 in Ice Magic
  1830 | D:2      | Reached skill level 1 in Air Magic
  1830 | D:2      | Reached skill level 1 in Earth Magic
  1830 | D:2      | Reached skill level 1 in Poison Magic
  1913 | D:3      | Noticed Robin
  2000 | D:3      | Killed Robin
  2053 | D:3      | Noticed Grinder
  2062 | D:3      | Paralysed by Grinder for 3 turns
  2249 | D:4      | Reached XP level 5. HP: 14/43 MP: 7/7
  2739 | D:4      | Found a sacrificial altar of Ru.
  2752 | D:4      | Found Ehot's Weapon Boutique.
  2784 | D:4      | Became a worshipper of Ru the Awakened
  2823 | D:4      | Noticed an ice beast
  2828 | D:4      | Killed an ice beast
  2829 | D:4      | Reached skill level 5 in Fighting
  2829 | D:4      | Reached skill level 5 in Dodging
  2829 | D:4      | Reached XP level 6. HP: 51/51 MP: 7/9
  2909 | D:4      | Noticed Eustachio
  2960 | D:4      | Killed Eustachio
  2961 | D:4      | Reached XP level 7. HP: 34/56 MP: 10/10
  3368 | D:5      | Entered Level 5 of the Dungeon
  3445 | D:5      | Reached skill level 9 in Ranged Weapons
  3843 | D:5      | Reached XP level 8. HP: 63/63 MP: 12/12
  4043 | D:5      | Learned a level 1 spell: Apportation
  4049 | D:5      | Learned a level 5 spell: Alistair's Intoxication
  4608 | D:3      | Gained mutation: You are somewhat unskilled. (-1 Apt) [Ru
                  | sacrifice]
  4608 | D:3      | Reduced skill Ranged Weapons to level 8
  4608 | D:3      | Reached * piety under Ru
  4682 | D:3      | Paralysed by Grinder for 5 turns
  4713 | D:3      | Killed Grinder
  4847 | D:3      | Identified 4 scrolls of acquirement
  4849 | D:3      | Acquired the ring "Otidyo" {rF+ Int+4 Dex+7 SInv}
  4850 | D:3      | Acquired the ring "Myosuiho" {Fly rElec Will- Dex+3}
  4851 | D:3      | Acquired billz999's Lectures on the Excruciating Gathering
  4852 | D:3      | Acquired the +0 hat "Heolin" {rC+ Int-3 Dex+7}
  4859 | D:3      | Learned a level 4 spell: Summon Lightning Spire
  5102 | D:5      | Found a shadowy altar of Dithmenos.
  6086 | D:5      | Reached XP level 9. HP: 42/68 MP: 14/14
  6905 | D:6      | Noticed a two-headed ogre
  6905 | D:6      | Noticed blackman's ghost (weakling HuDe)
  6907 | D:6      | Found a transporter.
  6912 | D:6      | Found a transporter.
  7265 | D:7      | Found a stormy altar of Qazlal.
  7269 | D:7      | Found a glowing silver altar of Zin.
  7442 | D:7      | Found a staircase to the Ecumenical Temple.
  7455 | D:7      | Reached skill level 9 in Ranged Weapons
  7492 | D:7      | Found a blossoming altar of Fedhas.
  7540 | D:7      | Reached skill level 5 in Stealth
  7589 | D:7      | Gained mutation: You occasionally shout uncontrollably at
                  | your foes. [Ru sacrifice]
  7754 | D:7      | Reached skill level 5 in Invocations
  7754 | D:7      | Reached XP level 10. HP: 76/76 MP: 16/16
  8500 | D:8      | Noticed a two-headed ogre
  8500 | D:8      | Noticed Pikel
  8502 | D:8      | Killed Pikel
  8503 | D:8      | Reached skill level 5 in Short Blades
  8503 | D:8      | Reached skill level 5 in Long Blades
  8503 | D:8      | Reached skill level 5 in Axes
  8503 | D:8      | Reached skill level 5 in Maces & Flails
  8503 | D:8      | Reached skill level 5 in Polearms
  8503 | D:8      | Reached skill level 5 in Staves
  8503 | D:8      | Reached skill level 5 in Throwing
  8503 | D:8      | Reached skill level 5 in Armour
  8503 | D:8      | Reached skill level 5 in Shields
  8503 | D:8      | Reached skill level 5 in Unarmed Combat
  8503 | D:8      | Reached skill level 5 in Spellcasting
  8503 | D:8      | Reached skill level 5 in Evocations
  8508 | D:8      | Killed a two-headed ogre
  8773 | D:9      | Found a white marble altar of Elyvilon.
  8786 | D:9      | Found a staircase to the Lair.
  8792 | Lair:1   | Entered Level 1 of the Lair of Beasts
  8799 | Lair:1   | Acquired the ring of Oruqo {Fly Int+6 Dex-2}
  9050 | Lair:1   | Reached XP level 11. HP: 38/84 MP: 17/19
  9884 | Lair:2   | Noticed a catoblepas
  9900 | Lair:2   | Killed a catoblepas
  9939 | Lair:2   | HP: 4/84 [something (7)]
  9960 | Lair:1   | Upgraded the game from 0.30-a0-424-g7412bad402 to
                  | 0.30-a0-451-ge042605de7
 10459 | Lair:2   | Reached skill level 5 in Conjurations
 10459 | Lair:2   | Reached skill level 5 in Hexes
 10459 | Lair:2   | Reached skill level 5 in Summonings
 10459 | Lair:2   | Reached skill level 5 in Necromancy
 10459 | Lair:2   | Reached skill level 5 in Translocations
 10459 | Lair:2   | Reached skill level 5 in Transmutations
 10459 | Lair:2   | Reached skill level 5 in Fire Magic
 10459 | Lair:2   | Reached skill level 5 in Ice Magic
 10459 | Lair:2   | Reached skill level 5 in Air Magic
 10459 | Lair:2   | Reached skill level 5 in Earth Magic
 10459 | Lair:2   | Reached skill level 5 in Poison Magic
 11306 | Lair:2   | Reached skill level 10 in Ranged Weapons
 11491 | Lair:2   | Gained mutation: You cannot be stealthy. [Ru sacrifice]
 11491 | Lair:2   | Reached ** piety under Ru
 11642 | Lair:2   | Found a staircase to the Snake Pit.
 13117 | Lair:3   | Found a staircase to the Swamp.
 13132 | Lair:3   | You fall into a shaft and drop 2 floors!
 13132 | Lair:5   | Entered Level 5 of the Lair of Beasts
 13160 | Lair:5   | Reached XP level 12. HP: 56/92 MP: 19/21
 13799 | Lair:4   | Noticed a four-headed hydra
 13803 | Lair:4   | Killed a four-headed hydra
 14057 | Lair:3   | Noticed Gastronok
 14064 | Lair:3   | Killed Gastronok
 14572 | Lair:4   | Noticed Rupert
 14576 | Lair:4   | Paralysed by Rupert for 4 turns
 14581 | Lair:4   | Killed Rupert
 14695 | Lair:4   | Found a basalt altar of Yredelemnul.
 15164 | Lair:4   | Noticed a catoblepas
 15170 | Lair:4   | Killed a catoblepas
 15310 | Lair:4   | Found a staircase to the Slime Pits.
 15444 | Lair:4   | Killed from afar by an oklob plant

Illustrated notes

Levels and vault maps discovered:
D:1:      shiori_arrival_elements, layout_basic
D:2:      layout_basic, basic_altar
D:3:      layout_basic, uniq_grinder, uniq_robin
D:4:      layout_basic, nicolae_ru_awakened_eye, serial_shops, shop,
          serial_co_window_serial, co_window_paths_a, co_window_corner_a,
          co_window_paths_b, co_window_paths_a, co_window_paths_a,
          co_window_paths_a, co_window_corner_a, co_window_corner_a,
          co_window_corner_a, co_window_corner_b, co_window_broadway_c,
          co_window_corner_b, glass_columns_a, glass_columns_b, glass_columns_b,
          kennysheep_generic_room_15, uniq_eustachio
D:5:      layout_cave_pods, nicolae_dithmenos_through_a_glass_darkly,
          nicolae_zen_rock_garden, hangedman_abyss_or_decor_lesser_grid
D:6:      lemuel_ratsnest, layout_loops_ring, gammafunk_ghost_smash
D:7:      layout_basic, fedhas_altar_3, mainiacjoe_overflow_catwalk_spiral,
          temple_pool_b
D:8:      layout_loops_cross, uniq_pikel
D:9:      layout_irregular_city, mainiacjoe_overflow_alcove_4,
          dpeg_oklobed_lair, serial_shops, nicolae_shop_stone, uniq_psyche
Lair:1:   layout_roguey, grunt_megastairs_5, serial_bayou_shore_b
Lair:2:   layout_cave_pods, minmay_snake_entry_guardpost_small
Lair:3:   layout_long_grid, swamp_mist, uniq_gastronok
Lair:4:   layout_hall_layers, minmay_slime_entry_oklob_open, basic_altar,
          serial_bayou_shore_a, grunt_megastairs_3, uniq_rupert
Lair:5:   due_jungle_book, layout_regular_city, grunt_megastairs_2,
          lemuel_fruit_fields

Skill      XL: |  1  2  3  4  5  6  7  8  9 10 11 12 |
---------------+-------------------------------------+-----
Invocations    | 1 2 3 5 6 7 |  7.7
Short Blades   | 1 2 3 3 4 5 6 7 |  7.1
Long Blades    | 1 2 3 3 4 5 6 7 |  7.1
Axes           | 1 2 3 3 4 5 6 7 |  7.1
Maces & Flails | 1 2 3 3 4 5 6 7 |  7.1
Polearms       | 1 2 3 3 4 5 6 7 |  7.1
Staves         | 1 2 3 3 4 5 6 7 |  7.1
Throwing       | 1 2 3 3 4 5 6 7 |  7.1
Armour         | 1 2 3 3 4 5 6 7 |  7.1
Shields        | 1 2 3 3 4 5 6 7 |  7.1
Unarmed Combat | 1 2 3 3 4 5 6 7 |  7.1
Spellcasting   | 1 2 3 3 4 5 6 7 |  7.1
Evocations     | 1 2 3 3 4 5 6 7 |  7.1
Conjurations   | 1 2 3 4 5 |  5.9
Hexes          | 1 2 3 4 5 |  5.9
Summonings     | 1 2 3 4 5 |  5.9
Necromancy     | 1 2 3 4 5 |  5.9
Translocations | 1 2 3 4 5 |  5.9
Transmutations | 1 2 3 4 5 |  5.9
Fire Magic     | 1 2 3 4 5 |  5.9
Ice Magic      | 1 2 3 4 5 |  5.9
Air Magic      | 1 2 3 4 5 |  5.9
Earth Magic    | 1 2 3 4 5 |  5.9
Poison Magic   | 1 2 3 4 5 |  5.9
Stealth        | 3 4 5 0 |  0.0
Fighting       | 5 6 7 8 |  8.3
Dodging        | 5 6 7 8 |  8.3
Ranged Weapons | 9 8 9 10 | 10.5

Action                   |  1- 3 |  4- 6 |  7- 9 | 10-12 || total
-------------------------+-------+-------+-------+-------++-------
Melee: Dagger            |       |    33 |       |       ||    33
       Bite              |       |     3 |       |       ||     3
       Punch             |       |     1 |       |       ||     1
 Fire: Shortbow          |    61 |   144 |   395 |       ||   600
       Arbalest          |       |       |    28 |   234 ||   262
 Cast: Summon Lightning  |       |       |       |    24 ||    24
Invok: Sacrifice Skill   |       |       |     1 |       ||     1
       Sacrifice Purity  |       |       |     1 |       ||     1
       Sacrifice Stealth |       |       |       |     1 ||     1
Evoke: Wand              |       |     6 |     7 |     4 ||    17
  Use: Potion            |       |     1 |       |       ||     1
       Scroll            |       |       |    14 |     9 ||    23
Armor: Leather armour    |     1 |    47 |    28 |    23 ||    99
Dodge: Dodged            |    13 |   113 |   194 |   162 ||   482

Table legend: (Time is in decaauts)
 A = Elapsed time spent in this place.
 B = Non-inter-level travel time spent in this place.
 C = Inter-level travel time spent in this place.
 D = Time resting spent in this place.
 E = Time spent auto-exploring this place.
 F = Levels seen in this place.
 G = Mean time per level.
                   A        B        C        D        E       F      G
               +--------+--------+--------+--------+--------+-----+--------+
         Total |  15638 |  14578 |   1060 |   4109 |   8495 |  14 | 1117.0 |
       Dungeon |   8894 |   8069 |    825 |   1139 |   5509 |   9 |  988.2 |
          Lair |   6743 |   6509 |    234 |   2969 |   2986 |   5 | 1348.6 |
               +--------+--------+--------+--------+--------+-----+--------+

Top non-repeatable levels by time:
  Lair:2: 2170 daAuts
     D:5: 1770 daAuts
     D:4: 1584 daAuts
  Lair:3: 1546 daAuts
  Lair:1: 1315 daAuts
     D:6: 1207 daAuts
  Lair:4: 1181 daAuts
     D:1: 1163 daAuts
     D:8: 959 daAuts
     D:3: 752 daAuts
     D:2: 714 daAuts
     D:7: 713 daAuts
  Lair:5: 529 daAuts
     D:9: 28 daAuts
